 Dungeon Crawl Stone Soup version 0.23.1 (webtiles) character file.

Game seed: 11407941961337726277

228 ohad the Changer (level 6, -2/38 HPs)
             Began as an Octopode Transmuter on Mar 12, 2019.
             Killed by divine providence
             ... invoked by an orc priest
              (8 damage)
             ... on level 3 of the Dungeon.
             The game lasted 00:05:04 (1973 turns).

ohad the Changer (Octopode Transmuter)              Turns: 1973, Time: 00:05:04

Health: -2/38      AC:  1    Str: 10    XL:     6   Next: 2%
Magic:  10/11      EV: 13    Int: 17    God:
Gold:   63         SH:  0    Dex: 12    Spells: 2/12 levels left

rFire    . . .     SeeInvis .     - Unarmed
rCold    . . .     Gourm    .   (no shield)
rNeg     . . .     Faith    .   (helmet restricted)
rPois    .         Spirit   .   (no amulet)
rElec    .         Reflect  .   (no ring)
rCorr    .         Harm     .   (no ring)
MR       .....                  (no ring)
Stlth    ++........             (no ring)
HPRegen  0.12/turn              (no ring)
MPRegen  0.12/turn              (no ring)
                                (no ring)
                                (no ring)

@: no status effects
A: almost no armour, stealthy swim, amphibious, 8 rings, constrict 8, camouflage
1, gelatinous body 1
a: no special abilities


You were on level 3 of the Dungeon.
You were not hungry.

You visited 1 branch of the dungeon, and saw 3 of its levels.

You collected 63 gold pieces.

Inventory:

Missiles
 a - 61 arrows
Scrolls
 d - a scroll of teleportation {unknown}
 e - 2 scrolls of identify {unknown}
 h - a scroll of blinking {unknown}
Potions
 b - a potion of brilliance {unknown}
 f - 2 potions of resistance {unknown}
 g - a potion of haste
Comestibles
 c - 5 rations
 i - a chunk of flesh


   Skills:
 - Level 1.0 Fighting
 - Level 2.0 Dodging
 - Level 3.0 Unarmed Combat
 - Level 3.5 Spellcasting
 - Level 3.7 Transmutations
 + Level 3.1 Ice Magic


You had 2 spell levels left.
You knew the following spells:

 Your Spells              Type           Power        Failure   Level  Hunger
a - Beastly Appendage     Tmut           ###...       3%          1    None
b - Sticks to Snakes      Tmut           ###.....     5%          2    ##.....
c - Spider Form           Tmut/Pois      #.........   22%         3    ###....
d - Ice Form              Ice/Tmut       ##......     36%         4    ####...

Your spell library contained the following spells:

 Spells                   Type           Power        Failure   Level  Hunger
 Blade Hands              Tmut           ###.......   69%         5    ######.


Dungeon Overview and Level Annotations

Branches:
Dungeon (3/15)

Altars:


Innate Abilities, Weirdness & Mutations

You cannot wear most types of armour.
You are very stealthy in the water. (Stealth+)
You are amphibious.
You can wear up to eight rings at the same time.
You can use your tentacles to constrict eight enemies at once.
Your skin changes colour to match your surroundings (Stealth+).
Your rubbery body absorbs attacks. (AC +1, EV +1)


Message History

The orc priest is severely wounded.
Your transformation has ended.
The orc priest miscasts a cantrip.
You see here a tomahawk.
The orc priest invokes the aid of Beogh against you.
Beogh smites you!
* * * LOW HITPOINT WARNING * * *
You kill the orc priest!
Your Ice Magic skill increases to level 3!
You have reached level 6!
Your experience leads to an increase in your attributes!
Increase (S)trength, (I)ntelligence, or (D)exterity?
You feel clever.
The orc priest casts a cantrip, but nothing happens.
There is a stone staircase leading up here.
The orc hits you with a +0 club.
* * * LOW HITPOINT WARNING * * *
The orc priest mumbles some strange prayers to Beogh against you.
Beogh smites you!
You die...

#..###.# #....+.#
#....#.######
#...........+
...........#### ##
.........#..# ..
.o.###......#..# ..
ooo.r....# ..###.#
....####'#####.#@#.#
.. #†.g..(#.#o#.#
#.)..).#'#.#.#
#.....Ko.o...#
##...........#
..............#
###...(.......#
.............#
..............#


You could see an orc priest and an orc.

Vanquished Creatures
  A crimson imp (D:2)
  2 orc priests (D:3)
  A worker ant (D:2)
  2 gnolls (D:2)
  2 adders
  An ooze (D:1)
  A worm (D:2)
  2 dart slugs (D:1)
  2 leopard geckos
  9 goblins
  4 hobgoblins (D:1)
  2 jackals (D:2)
  A quokka (D:3)
  7 bats
  6 frilled lizards
  4 kobolds
  11 rats
58 creatures vanquished.

Vanquished Creatures (collateral kills)
  A gnoll (D:2)
1 creature vanquished.

Grand Total: 59 creatures vanquished

Notes
Turn   | Place    | Note
-------+----------+-------------------------------------------
     0 | D:1      | ohad the Octopode Transmuter began the quest for the Orb.
     0 | D:1      | Reached XP level 1. HP: 13/13 MP: 3/3
    47 | D:1      | Reached XP level 2. HP: 16/18 MP: 3/5
   327 | D:1      | Reached XP level 3. HP: 16/23 MP: 6/6
   331 | D:1      | Learned a level 2 spell: Sticks to Snakes
   335 | D:1      | Learned a level 3 spell: Spider Form
   886 | D:2      | Reached XP level 4. HP: 25/28 MP: 8/8
  1199 | D:2      | Learned a level 4 spell: Ice Form
  1202 | D:2      | Reached XP level 5. HP: 33/33 MP: 10/10
  1297 | D:2      | Reached skill level 1 in Ice Magic
  1967 | D:3      | Reached XP level 6. HP: 6/38 MP: 9/11
  1973 | D:3      | Killed from afar by an orc priest

Skill      XL: |  1  2  3  4  5 |
---------------+----------------+-----
Transmutations | 3 |  3.7
Spellcasting   | 3 |  3.5
Ice Magic      | 3 |  3.1
Fighting       | |  1.0
Dodging        | |  2.0
Unarmed Combat | |  3.0

Action                   |  1- 3 |  4- 6 || total
-------------------------+-------+-------++-------
Melee: Unarmed           |    88 |    50 ||   138
       Constrict         |    30 |    10 ||    40
       Kick              |     5 |     5 ||    10
       Tentacles         |    17 |     8 ||    25
       Punch             |     2 |       ||     2
 Cast: Beastly Appendage |     5 |     4 ||     9
       Spider Form       |       |     5 ||     5
       Sticks to Snakes  |       |     2 ||     2
 Stab: Sleeping          |     5 |       ||     5
  Eat: Chunk             |       |     4 ||     4
Armor: Skin              |    10 |     5 ||    15
Dodge: Dodged            |    55 |    43 ||    98
